 Dungeon Crawl Stone Soup version 0.27-a0-1196-g3e9cee4cb2 (webtiles) character file.

Game seed: 13186604473077476792

3007 bilbop the Covered (level 9, -3/81 HPs)
             Began as a Minotaur Fighter on May 27, 2021.
             Was a Priest of Okawaru.
             Slain by a hornet (11 damage)
             ... on level 7 of the Dungeon on May 28, 2021.
             The game lasted 00:35:56 (9157 turns).

bilbop the Covered (Minotaur Fighter)               Turns: 9157, Time: 00:35:56

Health: -3/81      AC: 10    Str: 20    XL:     9   Next: 54%
Magic:  22/22      EV:  8    Int:  8    God:    Okawaru [***...]
Gold:   428        SH: 11    Dex: 11    Spells: 15/15 levels left

rFire    . . .     SeeInvis .   A - +1 whip (elec)
rCold    . . .     Faith    .   c - +0 kite shield
rNeg     + . .     Spirit   .   b - +0 scale mail
rPois    .         Reflect  .   j - +1 hat
rElec    .         Harm     .   u - +0 cloak
rCorr    .         Rampage  .   (no gloves)
Will     .....                  (no boots)
Stlth    ..........             (no amulet)
HPRegen  0.23/turn              k - ring of magical power
MPRegen  0.18/turn              B - ring of positive energy

@: mighty, lethally poisoned (-3 -> -7), slowed, very slow
A: horns 2, retaliatory headbutt
a: Renounce Religion, Heroism


You were on level 7 of the Dungeon.
You worshipped Okawaru.
Okawaru was most pleased with you.
You visited 2 branches of the dungeon, and saw 8 of its levels.

You collected 428 gold pieces.

Inventory:

Hand Weapons
 a - a +0 flail
 q - a +0 mace
 A - a +1 whip of electrocution (weapon)
Missiles
 g - 4 atropa-tipped darts (quivered)
Armour
 b - a +0 scale mail (worn)
 c - a +0 kite shield (worn)
 j - a +1 hat (worn)
 u - a +0 cloak (worn)
 y - a scarf of invisibility
Jewellery
 k - a ring of magical power (left hand)
 B - a ring of positive energy (right hand)
Wands
 m - a wand of flame (20)
Scrolls
 e - 2 scrolls of vulnerability {unknown}
 f - 2 scrolls of teleportation {unknown}
 l - a scroll of torment {unknown}
 n - a scroll of fog {unknown}
 o - 2 scrolls of blinking {unknown}
 p - a scroll of amnesia {unknown}
 v - 2 scrolls of acquirement {unknown}
 w - a scroll of magic mapping {unknown}
 x - 2 scrolls of identify {unknown}
Potions
 h - 2 potions of curing {unknown}
 i - a potion of flight {unknown}
 r - a potion of lignification {unknown}
 s - 2 potions of haste {unknown}
 t - a potion of brilliance {unknown}
 z - a potion of degeneration {unknown}


   Skills:
 + Level 7.8 Fighting
 + Level 7.1 Maces & Flails
 + Level 7.8 Armour
 + Level 7.7 Shields
 + Level 3.7 Spellcasting
 + Level 3.7 Invocations


You had 15 spell levels left.
You didn't know any spells.
Your spell library contained the following spells:

 Spells                   Type           Power      Damage    Failure   Level
 Animate Skeleton         Necr           2%         N/A       88%         1
 Apportation              Tloc           2%         N/A       88%         1
 Beastly Appendage        Tmut           2%         N/A       88%         1
 Corona                   Hex            1%         N/A       88%         1
 Summon Small Mammal      Summ           4%         N/A       88%         1
 Ensorcelled Hibernation  Hex/Ice        2%         N/A       96%         2
 Wereblood                Tmut           1%         N/A       96%         2
 Confusing Touch          Hex            1%         N/A       99%         3
 Dazzling Flash           Conj/Hex       2%         N/A       99%         3
 Spider Form              Tmut/Pois      0%         N/A       99%         3
 Tukima's Dance           Hex            1%         N/A       99%         3
 Ice Form                 Ice/Tmut       1%         N/A       100%        4
 Hydra Form               Tmut           0%         N/A       100%        5


Dungeon Overview and Level Annotations

Branches:
Dungeon (7/15)             Temple (1/1) D:4

Altars:
Ashenzari
Cheibriados
Dithmenos
Elyvilon
Fedhas
Gozag
Hepliaklqana
Kikubaaqudgha
Makhleb
Nemelex Xobeh
Okawaru
Qazlal
Sif Muna
Trog
Uskayaw
Vehumet
Wu Jian
Xom
Yredelemnul
Zin
The Shining One

Annotations:
D:3 1 runed translucent door, abdoman's ghost, amateur GrMo


Innate Abilities, Weirdness & Mutations

You have a pair of horns on your head.
You reflexively headbutt those who attack you in melee.


Message History

You feel very sick. You block the hornet's attack.
The hornet stings you but does no damage.
You closely miss the hornet.
The hornet is lightly wounded.
You feel yourself speed up.
You feel sick. The hornet barely misses you. The hornet stings you!
You feel yourself slow down.
You hit the hornet. Your headbutt misses the hornet.
The hornet is lightly wounded.
You feel sick.
The hornet stings you but does no damage.
The hornet stings you!
You feel as though you will be slow longer.
You hit the hornet but do no damage. Your headbutt misses the hornet.
The hornet is lightly wounded.
You feel sick.
The hornet stings you but does no damage.
The hornet stings you.
* * * LOW HITPOINT WARNING * * *
You are more poisoned.
You feel as though you will be slow longer.
You hit the hornet.
The hornet is lightly wounded.
You feel very sick.
The hornet stings you but does no damage.
You block the hornet's attack.
You feel very mighty all of a sudden.
You feel very sick.
The hornet stings you but does no damage.
You block the hornet's attack. x2
You whack the hornet! Lightning courses through the hornet!
The hornet is heavily wounded.
You feel sick. The hornet stings you.
* * * LOW HITPOINT WARNING * * *
You feel as though you will be slow longer.
You hit the hornet but do no damage. Lightning courses through the hornet!
The hornet is almost dead.
You feel sick. The hornet stings you!
You die...

#.......#..##.....[.......
##
#.......##.##.............
...
#.......##.##.............
###
#.......##..#.............
.
..#.#######.#.............
# #####.#####
#...###.########
..........# ##..# #.#
........).####..###.#
..........y@...>..#.#
..........####....#.
..........# #....#
..........# #....#
..........# #....#
..........# ######
..........# ..........#
........#


You could see a hornet.

Vanquished Creatures
  A two-headed ogre (D:7)
  A water moccasin (D:6)
  2 ice beasts
  A sky beast (D:6)
  2 black bears
  2 centaurs
  An ogre (D:5)
  A wyvern zombie (D:7)
  3 scorpions
  A water moccasin skeleton (D:5)
  8 wights
  A centaur zombie (D:6)
  A jelly (D:7)
  2 centaur skeletons
  2 orc priests
  A gnoll shaman (D:6)
  4 iguanas
  3 bullfrog skeletons
  3 hounds (D:6)
  2 orc wizards (D:7)
  Natasha (twice) (D:4)
  A hound zombie (D:5)
  A hound skeleton (D:4)
  13 gnolls
  5 adders
  A shadow imp (D:5)
  A white imp (D:6)
  An ufetubus (D:5)
  3 worms
  4 dart slugs
  21 orcs
  8 bats
  17 endoplasms
  A giant cockroach (D:4)
  11 goblins
  7 hobgoblins
  5 jackals
  5 quokkas
  12 ball pythons
  A frilled lizard (D:2)
  4 kobolds
  10 rats
176 creatures vanquished.

Vanquished Creatures (others)
  3 plants (D:3)
  2 withered plants (D:3)
5 creatures vanquished.

Grand Total: 181 creatures vanquished

Notes
Turn   | Place    | Note
-------+----------+-------------------------------------------
     0 | D:1      | bilbop the Minotaur Fighter began the quest for the Orb.
     0 | D:1      | Reached XP level 1. HP: 19/19 MP: 0/0
   159 | D:1      | Reached XP level 2. HP: 26/27 MP: 1/1
   978 | D:2      | Reached XP level 3. HP: 32/33 MP: 2/2
  1652 | D:2      | Reached XP level 4. HP: 30/40 MP: 4/4
  2072 | D:3      | Reached skill level 1 in Spellcasting
  2264 | D:3      | Noticed a scorpion
  2269 | D:3      | Killed a scorpion
  2270 | D:3      | Reached XP level 5. HP: 47/47 MP: 5/5
  3196 | D:3      | Reached XP level 6. HP: 55/55 MP: 7/7
  3340 | D:3      | Found a runed translucent door.
  3340 | D:3      | Noticed abdoman's ghost (amateur GrMo)
  3607 | D:4      | Reached skill level 5 in Armour
  3670 | D:4      | Reached skill level 5 in Fighting
  3832 | D:4      | Noticed Natasha
  3840 | D:4      | Killed Natasha
  3841 | D:4      | Reached skill level 5 in Shields
  4272 | D:4      | Noticed Natasha
  4282 | D:4      | Killed Natasha
  4373 | D:4      | Found a staircase to the Ecumenical Temple.
  4380 | Temple   | Entered the Ecumenical Temple
  4646 | Temple   | Became a worshipper of Warmaster Okawaru
  4905 | D:5      | Entered Level 5 of the Dungeon
  5561 | D:5      | Reached XP level 7. HP: 52/61 MP: 9/9
  6116 | D:5      | Reached * piety under Okawaru
  6117 | D:5      | Reached skill level 5 in Maces & Flails
  7021 | D:6      | Reached XP level 8. HP: 59/70 MP: 10/10
  7081 | D:6      | Reached skill level 1 in Invocations
  7101 | D:5      | HP: 3/71 [poisoned by a water moccasin]
  7104 | D:5      | HP: 1/71 [poisoned by a water moccasin]
  7971 | D:6      | Reached ** piety under Okawaru
  8630 | D:7      | Reached XP level 9. HP: 75/79 MP: 12/12
  8768 | D:7      | Noticed a two-headed ogre
  8776 | D:7      | Killed a two-headed ogre
  8776 | D:7      | Reached *** piety under Okawaru
  9149 | D:7      | Paralysed by a hornet for 1 turns
  9157 | D:7      | Slain by a hornet

Illustrated notes

Levels and vault maps discovered:
D:1:      minmay_arrival_five_plusses, layout_basic
D:2:      layout_loops_cross, minmay_box_of_dots
D:3:      minmay_razor_zed, layout_loops_ring, gammafunk_ghost_grave,
          serial_bayou_lagoon_b
D:4:      layout_basic, minmay_temple_entry_hall, grunt_ministairs_1,
          uniq_natasha
D:5:      layout_layer_cave
D:6:      layout_cave_pools, kennysheep_boxes
D:7:      layout_basic
Temple:   nicolae_temple_the_god_donut

Skill      XL: |  1  2  3  4  5  6  7  8  9 |
---------------+----------------------------+-----
Fighting       | 4 5 6 7 |  7.8
Armour         | 4 5 6 7 |  7.8
Shields        | 4 5 6 7 |  7.7
Maces & Flails | 3 4 5 6 7 |  7.1
Spellcasting   | 1 2 3 |  3.7
Invocations    | 2 3 |  3.7

Action                   |  1- 3 |  4- 6 |  7- 9 || total
-------------------------+-------+-------+-------++-------
Melee: Flail             |    96 |   226 |   110 ||   432
       Headbutt          |    12 |    28 |    52 ||    92
       Whip              |       |       |   137 ||   137
  Use: Potion            |       |       |     1 ||     1
Armor: Scale mail        |    38 |   135 |    96 ||   269
Dodge: Dodged            |    25 |    79 |    57 ||   161
Block: Kite shield       |    35 |   139 |   103 ||   277

Table legend: (Time is in decaauts)
 A = Elapsed time spent in this place.
 B = Non-inter-level travel time spent in this place.
 C = Inter-level travel time spent in this place.
 D = Time resting spent in this place.
 E = Time spent auto-exploring this place.
 F = Levels seen in this place.
 G = Mean time per level.
                   A        B        C        D        E       F      G
               +--------+--------+--------+--------+--------+-----+--------+
         Total |   9354 |   9058 |    296 |   2578 |   4991 |   8 | 1169.2 |
       Dungeon |   9074 |   8821 |    253 |   2578 |   4757 |   7 | 1296.3 |
        Temple |    279 |    236 |     43 |      0 |    234 |   1 |  279.0 |
               +--------+--------+--------+--------+--------+-----+--------+

Top non-repeatable levels by time:
     D:5: 2469 daAuts
     D:3: 1581 daAuts
     D:6: 1238 daAuts
     D:2: 1209 daAuts
     D:4: 1174 daAuts
     D:1: 807 daAuts
     D:7: 593 daAuts
  Temple: 279 daAuts
